 Dungeon Crawl Stone Soup version 0.28.0-43-g3370ac3207 (webtiles) character file.

Game seed: 1511097913623033360

83696 GreyFruit the Warrior (level 15, -14/145 HPs)
             Began as a Hill Orc Monk on Mar 15, 2022.
             Was the Champion of Beogh.
             Demolished by a caustic shrike simulacrum (20 damage)
             ... in an ice cave.
             The game lasted 01:20:41 (27095 turns).

GreyFruit the Warrior (Hill Orc Monk)              Turns: 27095, Time: 01:20:41

Health: -14/145    AC: 18    Str: 37    XL:     15   Next: 78%
Magic:  6/6        EV: 22    Int: 10    God:    Beogh [******]
Gold:   2161       SH:  0    Dex: 15    Spells: 14/14 levels left

rFire   x . .      SeeInvis +   D - +8 Wrath of Trog {antimagic, *Rage Rampage}
rCold   . . .      Faith    .   (shield currently unavailable)
rNeg    . . .      Spirit   .   I - +0 troll leather armour
rPois   +          Reflect  .   E - +0 helmet "Kapsin" {rF- rCorr Str+4 Stlth+}
rElec   +          Harm     .   N - +2 cloak of the Centipede {rElec Dex+2}
rCorr   +          Rampage  +   Q - +5 pair of gloves of Death's Door {rF+ Str-3 SInv}
Will    +....      Rage     50% F - +2 pair of boots of the Louse {rPois rF- rCorr Str+8}
Stlth   +++.......              U - amulet of regeneration
HPRegen 1.94/turn               j - +4 ring of evasion
MPRegen 0.10/turn               H - +6 ring of strength

@: on berserk cooldown, slowed, studying Throwing, very slow
A: walk on water
a: Renounce Religion, Smiting, Recall Orcish Followers, Give Item to Named
Follower, Resurrection


You were in an ice cave.
You worshipped Beogh.
Beogh was exalted by your worship.
You visited 3 branches of the dungeon, and saw 22 of its levels.
You also visited: Ossuary, Bailey, Gauntlet and Ice Cave.

You collected 2161 gold pieces.

Inventory:

Hand Weapons
 o - the +6 quarterstaff "Hill Orc's Bane" {vorpal, *Corrode Fly Will+++ MP+9}
   (You found it on level 5 of the Dungeon)

   It inflicts extra damage upon your enemies.
   MP:        It affects your magic capacity (+9).
   Fly:       It grants you flight.
   *Corrode:  It may corrode you when you take damage.
   Will:      It greatly increases your willpower.
 D - the +8 Wrath of Trog (weapon) {antimagic, *Rage Rampage}
   (You acquired it in a bailey)

   It reduces the magical energy of the wielder, and disrupts the spells and
   magical abilities of those it strikes.
   Natural abilities and divine invocations are not affected.
   It causes slowness and exhaustion when equipped.
   It extends the wielder's berserk rage when killing foes.
   *Rage:     It berserks you when you make melee attacks (+50% chance).
   Rampage:   It bestows one free step when moving towards enemies.
Missiles
 B - 3 atropa-tipped darts
 L - 2 throwing nets
 V - 4 javelins (quivered)
Armour
 v - a +0 tower shield of cold resistance
 E - the +0 helmet "Kapsin" (worn) {rF- rCorr Str+4 Stlth+}
   (You acquired it in a bailey)

   Str:       It affects your strength (+4).
   rF:        It makes you vulnerable to fire.
   rCorr:     It protects you from acid and corrosion.
   Stlth:     It makes you more stealthy.
 F - the +2 pair of boots of the Louse (worn) {rPois rF- rCorr Str+8}
   (You found it in a bailey)

   Str:       It affects your strength (+8).
   rF:        It makes you vulnerable to fire.
   rPois:     It protects you from poison.
   rCorr:     It protects you from acid and corrosion.
 I - a +0 troll leather armour (worn)
 N - the +2 cloak of the Centipede (worn) {rElec Dex+2}
   (You found it on level 12 of the Dungeon)

   Dex:       It affects your dexterity (+2).
   rElec:     It insulates you from electricity.
 Q - the +5 pair of gloves of Death's Door (worn) {rF+ Str-3 SInv}
   (You found it on level 13 of the Dungeon)

   Str:       It affects your strength (-3).
   rF:        It protects you from fire.
   SInv:      It lets you see invisible.
 T - the +0 pair of boots of the Game Afoot {Int+2 Dex+4 Stlth+}
   (You found it in a Gauntlet)

   Int:       It affects your intelligence (+2).
   Dex:       It affects your dexterity (+4).
   Stlth:     It makes you more stealthy.
Jewellery
 a - an amulet of the acrobat
 j - a +4 ring of evasion (left hand)
 p - a ring of flight
 H - a +6 ring of strength (right hand)
 U - an amulet of regeneration (around neck)
Wands
 q - a wand of flame (22)
 u - a wand of polymorph (3)
 y - a wand of paralysis (4)
 K - a wand of acid (21)
 P - a wand of mindburst (6)
 X - a wand of charming (4)
 Y - a wand of iceblast (6)
Scrolls
 b - a scroll of holy word
 c - 4 scrolls of teleportation
 f - 3 scrolls of enchant weapon
 g - 2 scrolls of silence
 h - 2 scrolls of fear
 i - a scroll of blinking
 l - 5 scrolls of vulnerability
 m - 3 scrolls of fog
 x - 5 scrolls of enchant armour
 G - 2 scrolls of identify
 J - 2 scrolls of magic mapping
 O - 4 scrolls of amnesia
 W - a scroll of summoning
 Z - a scroll of torment
Potions
 d - 8 potions of curing
 e - 2 potions of resistance
 k - 3 potions of mutation
 n - 2 potions of attraction
 r - 4 potions of brilliance
 s - a potion of degeneration
 t - 3 potions of heal wounds
 w - 2 potions of might
 z - 4 potions of lignification
 A - 3 potions of haste
 C - a potion of ambrosia
 M - a potion of flight
 R - a potion of magic
Miscellaneous
 S - a box of beasts


   Skills:
 + Level 16.7 Fighting
 + Level 15.5(16.6) Axes
 - Level 8.3(11.8) Polearms
 - Level 6.0 Throwing
 * Level 5.1 Armour
 - Level 11.7 Dodging
 - Level 1.5 Stealth
 + Level 7.5 Invocations
 - Level 11.8 Evocations


You had 14 spell levels left.
You didn't know any spells.
Your spell library contained the following spells:

 Spells                   Type           Power      Damage    Failure   Level
 Sting                    Tmut/Pois      0%         1d3       38%         1
 Blink                    Tloc           0%         N/A       52%         2
 Corpse Rot               Necr/Air       0%         N/A       52%         2
 Poisonous Vapours        Pois/Air       0%         N/A       52%         2
 Scorch                   Fire           0%         2d5       52%         2
 Confusing Touch          Hex            0%         N/A       77%         3
 Gell's Gravitas          Tloc           0%         N/A       77%         3
 Inner Flame              Hex/Fire       0%         N/A       77%         3
 Stone Arrow              Conj/Erth      0%         3d7       77%         3
 Teleport Other           Tloc           0%         N/A       77%         3
 Animate Armour           Summ/Erth      0%         N/A       99%         4
 Cause Fear               Hex            0%         N/A       99%         4
 Dispel Undead            Necr           0%         3d6       99%         4
 Flame Wave               Conj/Fire      0%         2d4       99%         4
 Fulminant Prism          Conj/Hex       0%         3d6       99%         4
 Hailstorm                Conj/Ice       0%         3d3       99%         4
 Ice Form                 Ice/Tmut       0%         N/A       99%         4
 Iskenderun's Mystic Bla  Conj/Tloc      0%         2d3       99%         4
 Olgreb's Toxic Radiance  Pois           0%         N/A       99%         4
 Lee's Rapid Deconstruct  Erth           0%         3d5*      100%        5
 Manifold Assault         Tloc           0%         N/A       100%        5
 Yara's Violent Unravell  Hex/Tmut       0%         3d3       100%        5
 Death Channel            Necr           0%         N/A       100%        6
 Dispersal                Tloc           0%         N/A       100%        6
 Simulacrum               Ice/Necr       0%         N/A       100%        6
 Summon Cactus Giant      Summ           0%         N/A       100%        6
 Enfeeble                 Hex            0%         N/A       100%        7
 Storm Form               Tmut/Air       0%         N/A       100%        7
 Discord                  Hex            0%         N/A       100%        8
 Lehudib's Crystal Spear  Conj/Erth      0%         10d2      100%        8


Dungeon Overview and Level Annotations

Branches:
Dungeon (15/15)            Temple (1/1) D:5            Lair (6/6) D:10
  Swamp (0/4) Lair:2        Snake (0/4) Lair:2        Slime (0/5) Lair:5
    Orc (0/2) D:11         Vaults (0/5) D:13         Depths (0/4) D:15
Ossuary (visited)          Bailey (visited)           IceCv (1/1)
Gauntlet (visited)

Altars:
Ashenzari
Cheibriados
Dithmenos
Elyvilon
Fedhas
Gozag
Hepliaklqana
Kikubaaqudgha
Makhleb
Nemelex Xobeh
Okawaru
Qazlal
Ru
Sif Muna
Trog
Uskayaw
Vehumet
Wu Jian
Xom
Yredelemnul
Zin
The Shining One
Beogh
Jiyva

Shops:
D:1 !   D:4 *[   D:9 [

Annotations:
D:6 1 runed translucent door, kelmiir's ghost, novice DrAE
D:8 Erica
D:13 2 transporters, Eitelfritz's ghost, journeyman MiGl
Lair:4 2 transporters, Zero1's ghost, journeyman HOFi


Message History

The ettin simulacrum completely misses you.
The ettin simulacrum hits you but does no damage.
The four-headed hydra simulacrum bites you.
The four-headed hydra simulacrum freezes you!!
The four-headed hydra simulacrum bites you but does no damage.
The four-headed hydra simulacrum bites you.
The four-headed hydra simulacrum freezes you!
The four-headed hydra simulacrum completely misses you.
You completely miss the four-headed hydra simulacrum.
The four-headed hydra simulacrum is severely damaged.
You hit the ettin simulacrum but do no damage.
The ettin simulacrum completely misses you.
The ettin simulacrum hits you!! The ettin simulacrum freezes you!
The four-headed hydra simulacrum misses you.
The four-headed hydra simulacrum completely misses you. x2
The four-headed hydra simulacrum bites you but does no damage.
Unknown command.
You slice the ettin simulacrum!!
The ettin simulacrum vaporises!
Beogh accepts your kill.
You slice one of the four-headed hydra simulacrum's heads off!
You slash the three-headed hydra simulacrum!
The three-headed hydra simulacrum vaporises!
Beogh accepts your kill.
You hear a horrible gurgling sound! x2
K - a wand of acid (21) (gained 2 charges)
A caustic shrike simulacrum comes into view.
The caustic shrike simulacrum closely misses you.
You slice the caustic shrike simulacrum!!
The caustic shrike simulacrum is heavily damaged.
The caustic shrike simulacrum claws you.
The caustic shrike simulacrum freezes you!!!
* * * LOW HITPOINT WARNING * * *
The caustic shrike simulacrum claws you but does no damage.
You barely miss the caustic shrike simulacrum.
The caustic shrike simulacrum is heavily damaged.
The caustic shrike simulacrum claws you!
* * * LOW HITPOINT WARNING * * *
The caustic shrike simulacrum freezes you!!
You die...

####### ####### ####
#.....## ##..?$?# ....
#......###.....!#.....
#.......#.......#....
#.∩..∩..............u
#.......#.......#...
#......###.....Z#
#.....## ##..).@#
####### #######


You could see a caustic shrike simulacrum.

Vanquished Creatures
  A minotaur (Gauntlet)
  An ettin (D:15)
  Fannar (D:10)
  Josephine (D:11)
  4 boulder beetles
  2 hydras
  Harold (D:11)
  2 catoblepae (Lair:6)
  Erolcha (D:13)
  6 two-headed ogres
  3 centaur warriors
  6 death yaks
  An orc high priest (Bailey)
  3 skeletal warriors (D:13)
  A deep troll (D:15)
  4 wizards
  2 necromancers
  5 orc knights
  3 wolf spiders
  A deep elf pyromancer (D:12)
  An oklob plant (Lair:4)
  2 cyclopes (D:12)
  An ugly thing (D:13)
  5 manticores
  A moth of wrath (Gauntlet)
  An ice statue (D:15)
  3 elephants (Lair:6)
  A black mamba (shapeshifter) (D:14)
  3 gargoyles
  2 black mambas (Lair:3)
  14 cane toads
  2 rime drakes (Lair:6)
  2 unseen horrors
  2 kobold demonologists
  An anaconda simulacrum (IceCv)
  11 komodo dragons
  A freezing wraith (IceCv)
  An efreet (D:13)
  4 trolls
  8 meliai
  2 hornets
  Prince Ribbit (Lair:3)
  6 polar bears
  22 blink frogs
  8 slime creatures
  A centaur simulacrum (D:14)
  5 shadows
  A spriggan (Lair:5)
  6 wraiths
  2 water elementals (D:15)
  A dire elephant simulacrum (IceCv)
  3 wyverns
  23 yaks
  A basilisk (Lair:3)
  2 redbacks (Gauntlet)
  2 steam dragons
  3 vampire mosquitoes
  4 swamp worms (Lair:2)
  3 harpy simulacra (IceCv)
  An acid dragon (D:9)
  A naga (Lair:2)
  14 water moccasins
  A hydra simulacrum (IceCv)
  2 black bears
  2 ettin simulacra (IceCv)
  4 ice beasts
  13 orc warriors
  An alligator simulacrum (IceCv)
  17 wolves
  2 ogres
  10 centaurs
  2 phantoms (D:5)
  11 bullfrogs
  3 elf zombies (Ossuary)
  A scorpion (D:4)
  A wyvern zombie (D:8)
  A wyvern skeleton (D:7)
  3 lindwurm simulacra (IceCv)
  A water moccasin skeleton (D:4)
  3 killer bees (D:9)
  3 howler monkeys
  10 electric eels
  11 jellies
  5 centaur zombies
  A hound (D:7)
  2 human zombies (Ossuary)
  A gnoll shaman (D:7)
  Crazy Yiuf (D:5)
  4 orc priests
  A centaur skeleton (D:7)
  Terence (D:3)
  3 iguanas
  7 orc wizards
  A killer bee zombie (D:9)
  A hound skeleton (D:4)
  4 mummies (Ossuary)
  3 howler monkey zombies
  7 gnolls
  5 adders
  3 shadow imps (D:6)
  2 white imps
  An ufetubus (D:7)
  An adder zombie (Ossuary)
  An adder skeleton (D:4)
  A worm (D:4)
  2 dart slugs
  19 orcs
  7 ball pythons
  23 endoplasms
  3 giant cockroaches
  22 goblins
  12 hobgoblins
  4 jackals (D:1)
  2 quokkas
  8 bats
  5 frilled lizards
  A goblin zombie (Ossuary)
  12 kobolds
  A kobold zombie (Ossuary)
  2 orc zombies (Ossuary)
  4 rats
  2 rat zombies (Ossuary)
514 creatures vanquished.

Vanquished Creatures (collateral kills)
  A boulder beetle (D:12)
  10 hydras
  5 two-headed ogres
  A catoblepas (Lair:6)
  3 death yaks (Lair:6)
  A tengu warrior (D:15)
  A wizard (D:14)
  A deep troll (D:15)
  A deep elf pyromancer (D:15)
  A manticore (Lair:6)
  4 elephants (Lair:6)
  A black mamba (Lair:3)
  A gargoyle (D:12)
  2 cane toads (Lair:3)
  An unseen horror (D:12)
  2 rime drakes
  A yaktaur (D:12)
  A komodo dragon (Lair:2)
  2 slime creatures
  A troll (D:12)
  2 blink frogs (Lair:3)
  5 yaks (Lair:6)
  A redback (Gauntlet)
  2 vampire mosquitoes (D:14)
  A naga (Lair:2)
  A swamp worm (Lair:2)
  A water moccasin (Lair:1)
  An orc warrior (D:11)
  A centaur (D:10)
  A kobold brigand (D:10)
  A bullfrog (Lair:3)
  3 centaur zombies (D:9)
  3 orc priests
  4 orc wizards
  6 orcs
  5 kobolds
79 creatures vanquished.

Vanquished Creatures (others)
  An orc sorcerer (D:15)
  5 orc knights
  4 orc wizards
  13 orc warriors
  2 orc priests
  22 orcs
  47 fungi
  73 plants
167 creatures vanquished.

Grand Total: 760 creatures vanquished

Notes
Turn   | Place    | Note
-------+----------+-------------------------------------------
     0 | D:1      | GreyFruit the Hill Orc Monk began the quest for the Orb.
     0 | D:1      | Reached XP level 1. HP: 19/19 MP: 1/1
   306 | D:1      | Reached XP level 2. HP: 19/27 MP: 2/2
   639 | D:1      | Reached skill level 4 in Fighting
   835 | D:1      | Reached XP level 3. HP: 27/33 MP: 3/3
  1030 | D:1      | Found Caocs's Distillery.
  1041 | D:1      | Found a faded altar of an unknown god.
  2085 | D:2      | Reached XP level 4. HP: 40/41 MP: 4/4
  2211 | D:3      | Reached skill level 5 in Axes
  2848 | D:3      | Noticed Terence
  3048 | D:3      | Killed Terence
  3436 | D:4      | HP: 2/41 [adder (2)]
  3441 | D:4      | Reached XP level 5. HP: 30/47 MP: 5/5
  3759 | D:4      | Reached skill level 5 in Fighting
  3928 | D:4      | Found Lahiqarph's Armour Emporium.
  4065 | D:4      | Found Vipreorhoxe's Assorted Antiques.
  4361 | D:4      | Reached XP level 6. HP: 14/56 MP: 6/6
  4649 | D:5      | Entered Level 5 of the Dungeon
  4696 | D:5      | Identified the +6 quarterstaff "Hill Orc's Bane" {vorpal,
                  | *Corrode Fly Will+++ MP+9}
  4964 | D:5      | Reached skill level 6 in Fighting
  4964 | D:5      | Reached skill level 1 in Polearms
  4964 | D:5      | Reached XP level 7. HP: 59/63 MP: 7/7
  5100 | D:5      | Found a staircase to the Ecumenical Temple.
  5111 | Temple   | Entered the Ecumenical Temple
  5221 | D:5      | Found a runed translucent door.
  5222 | D:5      | Noticed Crazy Yiuf
  5235 | D:5      | Killed Crazy Yiuf
  5656 | D:5      | Found a faded altar of an unknown god.
  5657 | D:5      | Found a faded altar of an unknown god.
  5659 | D:5      | Found a hazy altar of Hepliaklqana.
  6343 | D:6      | Reached skill level 7 in Fighting
  6381 | D:6      | Found a runed translucent door.
  6434 | D:6      | Reached XP level 8. HP: 25/73 MP: 8/8
  6444 | D:6      | Reached skill level 1 in Evocations
  7021 | D:6      | Noticed kelmiir's ghost (novice DrAE)
  7205 | D:7      | Reached skill level 5 in Dodging
  7473 | D:7      | Found a sand-covered staircase.
  7480 | Ossuary  | Entered an ossuary
  7503 | Ossuary  | Reached skill level 8 in Fighting
  7981 | D:7      | Reached XP level 9. HP: 14/81 MP: 9/9
  8320 | D:7      | Reached skill level 5 in Polearms
  9359 | D:8      | Became a worshipper of Beogh the Brigand
  9359 | D:8      | Reached * piety under Beogh
  9359 | D:8      | Reached ** piety under Beogh
  9567 | D:7      | Reached skill level 9 in Fighting
  9760 | D:8      | Found an ancient bone altar of Kikubaaqudgha.
  9760 | D:8      | Found a stormy altar of Qazlal.
  9930 | D:8      | Killed an unseen horror
 10334 | D:8      | Noticed Erica
 10355 | D:8      | Noticed a hornet
 10362 | D:8      | Paralysed by a hornet for 1 turns
 10364 | D:8      | Killed a hornet
 10365 | D:8      | Reached skill level 5 in Evocations
 10647 | D:8      | Reached XP level 10. HP: 68/91 MP: 10/10
 10885 | D:8      | Found a shimmering blue altar of Sif Muna.
 11517 | D:9      | Found Ohaque's Armour Boutique.
 11594 | D:9      | Found a flagged portal.
 11602 | Bailey   | Entered a bailey
 12209 | Bailey   | Noticed an orc knight
 12603 | Bailey   | Noticed an orc high priest
 12607 | Bailey   | Noticed a rust devil
 12939 | Bailey   | Noticed an orc knight
 12999 | Bailey   | Reached skill level 10 in Fighting
 13110 | Bailey   | Noticed an orc knight
 13142 | Bailey   | Noticed an orc knight
 13629 | Bailey   | Acquired the +0 helmet "Kapsin" {rF- rCorr Str+4 Stlth+}
 13636 | Bailey   | Acquired the +8 Wrath of Trog {antimagic, *Rage Rampage}
 13636 | Bailey   | Found the +8 Wrath of Trog {antimagic, *Rage Rampage}
 14001 | Bailey   | Killed an orc knight
 14288 | Bailey   | Noticed an orange demon
 14302 | Bailey   | Noticed a sun demon
 14302 | Bailey   | Killed an orc high priest
 14650 | Bailey   | Found an iron altar of Okawaru.
 14660 | Bailey   | Killed an orc knight
 14667 | Bailey   | Killed an orc knight
 14673 | Bailey   | Noticed a kobold demonologist
 14680 | Bailey   | Noticed a rust devil
 14681 | Bailey   | Killed a kobold demonologist
 14682 | Bailey   | Reached XP level 11. HP: 58/101 MP: 3/11
 14968 | Bailey   | Identified the +2 pair of boots of the Louse {rPois rF-
                  | rCorr Str+8}
 15423 | Bailey   | Reached skill level 11 in Fighting
 15429 | Bailey   | Killed an orc knight
 15429 | Bailey   | Reached *** piety under Beogh
 15680 | D:9      | Found a bloodstained altar of Trog.
 15743 | D:9      | Found a basalt altar of Yredelemnul.
 15959 | D:9      | Found an iron altar of Okawaru.
 16138 | D:10     | Entered Level 10 of the Dungeon
 16140 | D:10     | Noticed Fannar
 16159 | D:10     | Killed Fannar
 16233 | D:10     | Gained Grimold as an ally
 16398 | D:10     | Reached **** piety under Beogh
 16440 | D:10     | Found a staircase to the Lair.
 16482 | D:10     | Your ally Grimold died
 16545 | D:10     | Noticed a manticore
 16556 | D:10     | Killed a manticore
 16856 | D:11     | Noticed a two-headed ogre
 16862 | D:11     | Killed a two-headed ogre
 16927 | D:11     | Found a staircase to the Orcish Mines.
 17018 | D:11     | Noticed a two-headed ogre
 17019 | D:11     | Noticed Josephine
 17023 | D:11     | Killed a two-headed ogre
 17026 | D:11     | Killed Josephine
 17027 | D:11     | Reached skill level 12 in Fighting
 17165 | D:11     | Noticed a two-headed ogre
 17170 | D:11     | Killed a two-headed ogre
 17171 | D:11     | Reached XP level 12. HP: 112/112 MP: 4/12
 17273 | D:11     | Noticed Harold
 17282 | D:11     | Killed Harold
 17306 | D:11     | Noticed a two-headed ogre
 17311 | D:11     | Killed a two-headed ogre
 17419 | D:11     | Found a runed translucent door.
 17435 | D:11     | Gained Ugrim as an ally
 17537 | D:11     | Found a roughly hewn altar of Beogh.
 17745 | D:12     | Identified the +2 cloak of the Centipede {rElec Dex+2}
 17793 | D:12     | Noticed a two-headed ogre
 17795 | D:12     | Killed a two-headed ogre
 17889 | D:12     | Noticed a five-headed hydra
 17898 | D:12     | Killed a six-headed hydra
 17903 | D:12     | Noticed a two-headed ogre
 17906 | D:12     | Noticed a seven-headed hydra
 17907 | D:12     | Reached skill level 10 in Axes
 17917 | D:12     | Killed a seven-headed hydra
 17935 | D:12     | Killed a two-headed ogre
 17935 | D:12     | Reached ***** piety under Beogh
 18013 | D:12     | Reached skill level 13 in Fighting
 18083 | D:12     | Noticed a five-headed hydra
 18085 | D:12     | Noticed a two-headed ogre
 18088 | D:12     | Noticed a two-headed ogre
 18091 | D:12     | Killed a six-headed hydra
 18093 | D:12     | Killed a two-headed ogre
 18095 | D:12     | Killed a two-headed ogre
 18149 | D:12     | Noticed a boulder beetle
 18164 | D:12     | Killed a boulder beetle
 18178 | D:12     | Noticed an eight-headed hydra
 18187 | D:12     | Killed an eight-headed hydra
 18557 | D:12     | Noticed a two-headed ogre
 18561 | D:12     | Killed a two-headed ogre
 18595 | D:12     | Noticed a five-headed hydra
 18601 | D:12     | Killed a five-headed hydra
 18602 | D:12     | Reached skill level 10 in Evocations
 18602 | D:12     | Reached XP level 13. HP: 81/122 MP: 4/13
 18689 | D:12     | Your ally Ugrim died
 18857 | D:12     | Reached skill level 10 in Dodging
 18888 | D:12     | Reached skill level 14 in Fighting
 18964 | D:12     | Noticed a deep elf high priest
 18964 | D:12     | Noticed an ettin
 18964 | D:12     | Noticed a tengu reaver
 18965 | D:12     | Noticed a sphinx
 19349 | D:13     | Noticed Erolcha
 19377 | D:13     | Killed Erolcha
 19470 | D:13     | Found a gate to the Vaults.
 19492 | D:13     | Identified the +5 pair of gloves of Death's Door {rF+ Str-3
                  | SInv}
 19570 | D:13     | Noticed Eitelfritz's ghost (journeyman MiGl)
 19575 | D:13     | Found a transporter.
 19590 | D:13     | Found a transporter.
 20060 | Lair:1   | Entered Level 1 of the Lair of Beasts
 20060 | Lair:1   | Found a gate leading to a gauntlet.
 20073 | Gauntlet | Entered a Gauntlet
 20073 | Gauntlet | Found a transporter.
 20073 | Gauntlet | Found a transporter.
 20077 | Gauntlet | Found a transporter.
 20077 | Gauntlet | Found a transporter.
 20079 | Gauntlet | Found a large runed translucent door.
 20080 | Gauntlet | Found a large runed translucent door.
 20081 | Gauntlet | Found a large runed translucent door.
 20081 | Gauntlet | Found a large runed translucent door.
 20081 | Gauntlet | Found a runed translucent door.
 20081 | Gauntlet | Found a runed translucent door.
 20082 | Gauntlet | Found a large runed translucent door.
 20082 | Gauntlet | Found a large runed translucent door.
 20082 | Gauntlet | Found a large runed translucent door.
 20082 | Gauntlet | Found a large runed translucent door.
 20083 | Gauntlet | Found a large runed translucent door.
 20083 | Gauntlet | Found a large runed translucent door.
 20084 | Gauntlet | Found a large runed translucent door.
 20084 | Gauntlet | Found a large runed translucent door.
 20085 | Gauntlet | Found a runed translucent gate.
 20085 | Gauntlet | Found a runed translucent gate.
 20085 | Gauntlet | Found a runed translucent gate.
 20087 | Gauntlet | Found a transporter.
 20097 | Gauntlet | Found a large runed translucent door.
 20098 | Gauntlet | Found a large runed translucent door.
 20099 | Gauntlet | Found a transporter.
 20100 | Gauntlet | Found a transporter.
 20104 | Gauntlet | Found a transporter.
 20111 | Gauntlet | Found a transporter.
 20114 | Gauntlet | Found a transporter.
 20156 | Gauntlet | Found a transporter.
 20165 | Gauntlet | Found a transporter.
 20167 | Gauntlet | Noticed an entropy weaver
 20169 | Gauntlet | Found a large runed translucent door.
 20169 | Gauntlet | Found a large runed translucent door.
 20184 | Gauntlet | Found a transporter.
 20289 | Gauntlet | Found a transporter.
 20304 | Gauntlet | Found a transporter.
 20321 | Gauntlet | Found a transporter.
 20528 | Gauntlet | Identified the +0 glaive of Karma {drain, Str+2 SInv}
 20566 | Gauntlet | Identified the +0 pair of boots of the Game Afoot {Int+2
                  | Dex+4 Stlth+}
 20596 | Gauntlet | Identified the +4 arbalest of the Saving Oracle {speed,
                  | Stlth+}
 20596 | Gauntlet | Noticed a minotaur
 20599 | Gauntlet | Killed a minotaur
 20642 | Lair:1   | Found a shimmering blue altar of Sif Muna.
 20680 | Lair:1   | Reached XP level 14. HP: 133/133 MP: 4/14
 20997 | Lair:1   | Reached skill level 15 in Fighting
 21321 | Lair:1   | Gained Ugrim as an ally
 21840 | Lair:2   | Found a staircase to the Snake Pit.
 21887 | Lair:2   | Found a staircase to the Swamp.
 22287 | Lair:3   | Noticed Prince Ribbit
 22292 | Lair:3   | Killed Prince Ribbit
 22525 | Lair:3   | Reached ****** piety under Beogh
 22808 | Lair:3   | Reached skill level 1 in Invocations
 22811 | Lair:3   | Identified the +0 plate armour of the Jackalope {rF+}
 22820 | Lair:3   | Reached skill level 1 in Throwing
 23231 | Lair:4   | Found a transporter.
 23271 | Lair:4   | Found a transporter.
 23544 | Lair:4   | Noticed Zero1's ghost (journeyman HOFi)
 24408 | Lair:5   | Reached skill level 16 in Fighting
 24409 | Lair:5   | Reached XP level 15. HP: 75/144 MP: 0/18
 24469 | Lair:5   | Found a runed translucent door.
 24470 | Lair:5   | Found a viscous altar of Jiyva.
 24773 | Lair:5   | Found a staircase to the Slime Pits.
 24810 | Lair:6   | Entered Level 6 of the Lair of Beasts
 24823 | Lair:6   | Acquired 667 gold pieces
 24848 | Lair:6   | Reached skill level 5 in Invocations
 24875 | Lair:6   | Reached skill level 5 in Throwing
 25064 | Lair:6   | Reached skill level 15 in Axes
 25241 | Lair:6   | Reached skill level 1 in Armour
 25245 | Lair:6   | Gained Thorok as an ally
 26535 | D:15     | Entered Level 15 of the Dungeon
 26731 | D:15     | Found a staircase to the Depths.
 26899 | D:15     | Found a frozen archway.
 26916 | IceCv    | Entered an ice cave
 26946 | IceCv    | Reached skill level 5 in Armour
 27095 | IceCv    | HP: 6/145 [caustic shrike simulacrum (7)]
 27095 | IceCv    | Demolished by a caustic shrike simulacrum

Illustrated notes

Levels and vault maps discovered:
D:1:      lightli_arrival_chessboard, layout_loops_ring,
          hellmonk_ecumenical_altar_blasted, serial_shops, shop,
          serial_bayou_lagoon_a
D:2:      layout_loops_ring, minmay_tetromino_l4
D:3:      layout_loops_cross, uniq_terence
D:4:      layout_loops_ring, serial_shops, shop, nicolae_shop_crystal,
          minivault_24
D:5:      layout_loops_ring, nicolae_hepliaklqana_ecumenical_no_more,
          minmay_temple_entry_fiery, hangedman_abyss_or_decor_passed,
          minmay_fountain_box, uniq_crazy_yiuf_cottage
D:6:      layout_basic, ebering_ghost_reflecting_pool
D:7:      layout_gridville, nicolae_ossuary_entry_ruins,
          kennysheep_generic_room_5
D:8:      layout_loops_ring, nicolae_sif_muna_little_library,
          gammafunk_temple_overflow_wave, serial_bayou_lagoon_b, uniq_erica
D:9:      layout_cave_pools, kennysheep_little_box,
          nicolae_yredelemnul_corpse_copse, bloody_trog, enter_bailey_5,
          serial_shops, nicolae_shop_stone
D:10:     layout_irregular_city, lair_entry_dummy, uniq_fannar
D:11:     layout_roguey, hiddenorc2_lemuel, lightli_church_of_beogh,
          uniq_josephine, uniq_harold
D:12:     kennysheep_snake, layout_irregular_city
D:13:     layout_big_octagon, david_vaults_1, gammafunk_ghost_smash,
          uniq_erolcha
D:14:     layout_irregular_city, bh_walls_and_bars
D:15:     hangedman_depths_entry_civil_slaughter, layout_basic,
          minmay_misc_feat_rugged, portal_ice_cave_entry_ice_statue_one,
          gammafunk_ghost_fury_of_okawaru, minmay_rotating_lava
Temple:   minmay_freezing_vapour_temple
Lair:1:   layout_cave_pods, basic_altar, gauntlet_entry_generic, st_stairs_5,
          lemuel_fruit_tree
Lair:2:   wander_river, layout_chaotic_city, palyth_hydra_swamp_entry,
          minmay_snake_entry_guardpost_small, infiniplex_staircase_pool_2
Lair:3:   nzn_winding_woodlands_three_and_one
          [nzn_winding_woodlands_5x15_crooked,
          nzn_winding_woodlands_5x15_garden,
          nzn_winding_woodlands_5x15_concentric,
          nzn_winding_woodlands_center_lodge], layout_chaotic_city,
          infiniplex_staircase_pool, lemuel_fruit_fields, uniq_prince_ribbit2
Lair:4:   lemuel_slime, layout_concentric_octagons, nzn_ghost_randoct,
          nicolae_lair_run_with_the_wolves
Lair:5:   layout_gridlike, slime_altar_2, grunt_forest_stairs_clearing
Lair:6:   evilmike_catoblepas_cave, layout_loops_ring, st_stairs_12,
          chequers_serial_rivers_room_a
IceCv:    ice_cave_statue_garden_chambered

Skill      XL: |  1  2  3  4  5  6  7  8  9 10 11 12 13 14 15 |
---------------+----------------------------------------------+-----
Fighting       | 4 5 6 7 8 9 10 12 13 14 16 | 16.7
Dodging        | 3 4 5 6 7 8 9 10 11 | 11.7
Axes           | 5 6 9 11 13 14 15 | 15.5
Polearms       | 1 3 4 6 8 |  8.3
Evocations     | 3 5 6 8 10 11 | 11.8
Invocations    | 4 7 |  7.5
Throwing       | 4 6 |  6.0
Armour         | 5 |  5.1
Stealth        | |  1.5

Action                   |  1- 3 |  4- 6 |  7- 9 | 10-12 | 13-15 || total
-------------------------+-------+-------+-------+-------+-------++-------
Melee: Hand axe          |   146 |    79 |       |       |       ||   225
       Punch             |       |     4 |       |       |       ||     4
       Battleaxe         |       |    57 |    20 |   247 |   594 ||   918
       Quarterstaff      |       |    12 |   229 |   117 |    19 ||   377
Throw: Dart              |       |       |       |    11 |       ||    11
       Javelin           |       |       |       |       |     4 ||     4
Invok: Convert to Beogh  |       |       |     1 |       |       ||     1
       Recall Orcish Fol |       |       |       |     1 |     7 ||     8
       Smiting           |       |       |       |       |     1 ||     1
Evoke: Wand              |       |       |       |     1 |       ||     1
  Use: Potion            |       |     6 |     7 |     3 |     2 ||    18
       Scroll            |       |     1 |     8 |    14 |     7 ||    30
 Stab: Sleeping          |     2 |     3 |     1 |     4 |    19 ||    29
       Distracted        |     1 |       |       |     1 |     5 ||     7
       Invisible         |       |       |       |     1 |       ||     1
       Paralysed         |       |       |       |       |     2 ||     2
Armor: Robe              |    28 |    11 |       |       |       ||    39
       Leather armour    |       |    13 |     3 |       |       ||    16
       Ring mail         |       |       |    16 |       |       ||    16
       Chain mail        |       |       |    46 |    48 |       ||    94
       Skin              |       |       |       |    33 |       ||    33
       Troll leather arm |       |       |       |    53 |   206 ||   259
Dodge: Dodged            |   109 |   111 |   269 |   370 |   654 ||  1513
